 Dungeon Crawl Stone Soup version 0.26-a0-642-g67e99244d3 (webtiles) character file.

Game seed: 6250712564464007101

2228 Colgate the Tainter (level 9, -6/62 HPs)
             Began as a Red Draconian Venom Mage on Sept 23, 2020.
             Was an Initiate of Gozag.
             Splashed by a jelly's acid (7 damage)
             ... on level 7 of the Dungeon.
             The game lasted 00:57:25 (9326 turns).

Colgate the Tainter (Red Draconian Venom Mage)      Turns: 9326, Time: 00:57:26

Health: -6/62      AC: -1    Str: 12    XL:     9   Next: 14%
Magic:  8/13       EV: 12    Int: 18    God:    Gozag
Gold:   668        SH:  0    Dex: 11    Spells: 2/14 levels left

rFire    + . .     SeeInvis .   b - staff of poison
rCold    . . .     Faith    .   (no shield)
rNeg     . . .     Spirit   .   (armour unavailable)
rPois    +         Reflect  .   (helmet restricted)
rElec    .         Harm     .   (no cloak)
rCorr    .         Rampage  .   (no gloves)
MR       .....                  (no boots)
Stlth    ++........             C - amulet of regeneration
HPRegen  0.60/turn              (no ring)
MPRegen  0.13/turn              (no ring)

@: corroded
A: breathe fire, unfitting armour, fire resistance 1, cold-blooded, AC +7
a: Breathe Fire, Potion Petition, Call Merchant, Bribe Branch, Renounce Religion


You were on level 7 of the Dungeon.
You worshipped Gozag.
Gozag was pleased with you.
You visited 2 branches of the dungeon, and saw 8 of its levels.

You collected 751 gold pieces.
You paid 83 gold pieces to Gozag.

Inventory:

Hand Weapons
 a - a +2 hunting sling
Missiles
 d - 289 stones
 k - 96 bolts
 n - 34 arrows
 o - 5 boomerangs
 q - 10 javelins (quivered)
 w - 64 sling bullets
 A - 28 poisoned darts
Magical Staves
 b - an uncursed staff of poison (weapon)
Jewellery
 C - an amulet of regeneration (around neck)
Wands
 r - a wand of digging (5)
 x - a wand of flame (59)
Scrolls
 c - 3 scrolls of fear
 h - 2 scrolls of enchant armour
 i - a scroll of fog {unknown}
 s - a scroll of teleportation
 t - 4 scrolls of amnesia
 y - 6 scrolls of remove curse
 F - 3 scrolls of immolation
Potions
 e - a potion of degeneration
 f - a potion of might
 j - 2 potions of flight
 l - a potion of haste
 m - 2 potions of ambrosia
 u - 4 potions of curing
 v - 3 potions of heal wounds
 z - a potion of lignification {unknown}
 B - a potion of resistance
 D - a potion of berserk rage {unknown}
 E - 2 potions of magic
 H - a potion of brilliance {unknown}


   Skills:
 - Level 3.5 Slings
 - Level 1.7 Dodging
 - Level 1.7 Stealth
 - Level 3.0 Spellcasting
 - Level 1.0 Transmutations
 - Level 2.9 Fire Magic
 - Level 2.3 Air Magic
 + Level 10.8 Poison Magic


You had 2 spell levels left.
You knew the following spells:

 Your Spells              Type           Power        Failure   Level
a - Ignite Poison         Fire/Tmut/Pois ####....     6%          3
b - Poisonous Vapours     Pois/Air       #####.       1%          2
c - Olgreb's Toxic Radia  Pois           ######..     1%          4
d - Mephitic Cloud        Conj/Pois/Air  ####....     9%          3

Your spell library contained the following spells:

 Spells                   Type           Power        Failure   Level
 Sting                    Tmut/Pois      ####         1%          1


Dungeon Overview and Level Annotations

Branches:
Dungeon (7/15)             Temple (1/1) D:5

Altars:
Cheibriados
Dithmenos
Elyvilon
Fedhas
Gozag
Kikubaaqudgha
Nemelex Xobeh
Okawaru
Qazlal
Ru
Sif Muna
Trog
Uskayaw
Vehumet
Wu Jian
Xom
Zin

Shops:
D:4 [


Innate Abilities, Weirdness & Mutations

You can breathe blasts of fire.
Your fiery red scales are hard. (AC +7)
You cannot fit into any form of body armour.
Your flesh is heat resistant. (rF+)
You are cold-blooded and may be slowed by cold attacks.


Message History

The jelly is lightly wounded.
The jelly hits you.
You are splashed with acid!
The leopard gecko hisses angrily.
You hit the jelly.
Your hands burn!
The jelly is lightly wounded.
The jelly hits you.
* * * LOW HITPOINT WARNING * * *
The acid corrodes you!
You are splashed with acid!
* * * LOW HITPOINT WARNING * * *
You barely miss the jelly.
The jelly is lightly wounded.
The jelly hits you.
* * * LOW HITPOINT WARNING * * *
You are splashed with acid.
* * * LOW HITPOINT WARNING * * *
The jelly hits you.
* * * LOW HITPOINT WARNING * * *
The acid corrodes you!
You are splashed with acid!
You die...
Your body crumbles into a pile of gold.

#########
####.......##
#.......@(..##
##.......J....#
#......>......##
#.......[......#
#....l.........#
#..............#
##.........$....#
#....(.....$...#
#......l.......
..


You could see a jelly and a leopard gecko.

Vanquished Creatures
  Maggie (D:6)
  Prince Ribbit (D:5)
  Menkaure (D:4)
  A water moccasin (D:6)
  A sky beast (D:7)
  A phantom (D:5)
  2 ogres
  An orc warrior (D:7)
  A big kobold (D:7)
  A bullfrog (D:6)
  A water moccasin skeleton (D:4)
  3 howler monkeys (D:7)
  2 hounds
  An orc wizard (D:5)
  An orc priest (D:7)
  Natasha (thrice) (D:2)
  Terence (D:2)
  2 iguanas (D:4)
  8 worker ants
  A hound skeleton (D:5)
  Robin (D:3)
  11 adders
  3 river rats (D:5)
  2 white imps (D:5)
  3 ufetubi
  9 worms
  A dart slug (D:2)
  7 leopard geckos
  7 orcs
  3 bats
  3 giant cockroaches
  11 goblins
  12 hobgoblins
  11 jackals
  A quokka (D:2)
  A ball python (D:5)
  3 frilled lizards
  8 kobolds
  A leopard gecko zombie (D:5)
  A quokka skeleton (D:4)
  A quokka zombie (D:7)
  8 rats
142 creatures vanquished.

Vanquished Creatures (others)
  2 plants (D:1)
2 creatures vanquished.

Grand Total: 144 creatures vanquished

Notes
Turn   | Place    | Note
-------+----------+-------------------------------------------
     0 | D:1      | Colgate the Draconian Venom Mage began the quest for the
                  | Orb.
     0 | D:1      | Reached XP level 1. HP: 14/14 MP: 3/3
   706 | D:1      | Reached XP level 2. HP: 17/20 MP: 1/5
   717 | D:1      | Learned a level 2 spell: Poisonous Vapours
   954 | D:2      | Noticed Natasha
  1027 | D:2      | Killed Natasha
  1027 | D:2      | Reached skill level 4 in Poison Magic
  1027 | D:2      | Reached XP level 3. HP: 16/26 MP: 1/6
  1355 | D:2      | Noticed Terence
  1608 | D:2      | Noticed Natasha
  1612 | D:2      | Killed Natasha
  1612 | D:2      | Reached skill level 5 in Poison Magic
  1612 | D:2      | Reached XP level 4. HP: 33/33 MP: 0/7
  1719 | D:2      | Noticed Natasha
  1724 | D:2      | Killed Natasha
  1724 | D:2      | Reached skill level 1 in Air Magic
  1989 | D:2      | Found a bloodstained altar of Trog.
  2146 | D:2      | Killed Terence
  2146 | D:2      | Reached XP level 5. HP: 15/38 MP: 8/8
  2356 | D:3      | Noticed Robin
  3698 | D:3      | Killed Robin
  4428 | D:4      | Reached skill level 6 in Poison Magic
  4434 | D:4      | Learned a level 4 spell: Olgreb's Toxic Radiance
  4495 | D:4      | Reached XP level 6. HP: 28/45 MP: 9/9
  4779 | D:4      | Found Xeimn's Armour Shoppe.
  4779 | D:4      | Noticed Menkaure
  4782 | D:5      | Entered Level 5 of the Dungeon
  4865 | D:5      | Found a staircase to the Ecumenical Temple.
  4874 | Temple   | Entered the Ecumenical Temple
  4955 | Temple   | Became a worshipper of Gozag Ym Sagoz the Greedy
  4978 | D:5      | Reached skill level 7 in Poison Magic
  5238 | D:5      | Noticed Prince Ribbit
  5435 | D:5      | Found a glowing silver altar of Zin.
  5456 | D:4      | Your scales start taking on a fiery red colour.
  5456 | D:4      | Reached XP level 7. HP: 50/50 MP: 1/10
  5456 | D:4      | Gained mutation: Your flesh is heat resistant. (rF+) [Red
                  | Draconian growth]
  5577 | D:5      | Reached skill level 8 in Poison Magic
  5856 | D:5      | Learned a level 3 spell: Ignite Poison
  5962 | D:5      | Killed Prince Ribbit
  5962 | D:5      | Reached skill level 9 in Poison Magic
  6167 | D:5      | Found a radiant altar of Vehumet.
  6476 | D:5      | Reached XP level 8. HP: 57/57 MP: 1/11
  6811 | D:4      | Found a shadowy altar of Dithmenos.
  7761 | D:4      | Reached skill level 10 in Poison Magic
  7911 | D:4      | Killed Menkaure
  8100 | D:6      | Learned a level 3 spell: Mephitic Cloud
  8214 | D:6      | Found a shimmering blue altar of Sif Muna.
  8306 | D:6      | Noticed Maggie
  8322 | D:6      | Killed Maggie
  8476 | D:6      | Found a stormy altar of Qazlal.
  9132 | D:7      | Reached XP level 9. HP: 56/62 MP: 5/13
  9326 | D:7      | HP: 3/62 [acid (5)]
  9326 | D:7      | HP: 1/62 [jelly (2)]
  9326 | D:7      | Splashed by a jelly's acid

Illustrated notes

Levels and vault maps discovered:
D:1:      minmay_arrival_stone_box, layout_basic, corexii_corridor_pit,
          serial_bayou_lake_a
D:2:      layout_loops_cross, bloody_trog, minmay_misc_feat_plants,
          minmay_tromino_i4, uniq_natasha, uniq_terence
D:3:      minmay_wonky_spiral, layout_basic, uniq_robin
D:4:      layout_basic, serial_shops, shop, nicolae_dithmenos_the_darkroom,
          uniq_menkaure
D:5:      layout_basic, zin_scriptorium, vehumet_altar_wand_db,
          minmay_temple_entry_mini_moons, lightli_sewer_entry_pipes,
          minmay_misc_feat_tower, grunt_ministairs_10, uniq_prince_ribbit1
D:6:      layout_basic, overflow_temple_1_default,
          nicolae_overflow_crystal_walls, serial_glass, glass_columns_a,
          glass_columns_b, glass_columns_a, uniq_maggie
D:7:      layout_cave_pods, kennysheep_decorative_pillar
Temple:   eino_temple_rhombus

Skill      XL: |  1  2  3  4  5  6  7  8 |
---------------+-------------------------+-----
Poison Magic   | 4 5 6 7 9 10 | 10.8
Air Magic      | 2 |  2.3
Fire Magic     | 2 |  2.9
Spellcasting   | 3 |  3.0
Slings         | 3 |  3.5
Dodging        | |  1.7
Stealth        | |  1.7
Transmutations | |  1.0

Action                   |  1- 3 |  4- 6 |  7- 9 || total
-------------------------+-------+-------+-------++-------
Melee: Dagger            |     6 |       |       ||     6
       Short sword       |    10 |    30 |    57 ||    97
       Tailslap          |     1 |     6 |     4 ||    11
       Staff             |       |       |    16 ||    16
 Fire: Hunting sling     |       |     6 |    27 ||    33
Throw: Javelin           |     2 |     6 |     3 ||    11
       Stone             |       |     1 |       ||     1
 Cast: Sting             |    15 |       |       ||    15
       Poisonous Vapours |    17 |   103 |    59 ||   179
       Ignite Poison     |       |       |    23 ||    23
       Olgreb's Toxic Ra |       |       |     7 ||     7
       Mephitic Cloud    |       |       |     1 ||     1
 Abil: Breathe Fire      |       |       |    19 ||    19
Evoke: Wand              |       |       |     1 ||     1
  Use: Scroll            |       |     9 |     8 ||    17
 Stab: Sleeping          |     3 |       |       ||     3
       Distracted        |       |       |     1 ||     1
Armor: Skin              |     6 |    17 |    21 ||    44
Dodge: Dodged            |    14 |    44 |    46 ||   104

Table legend: (Time is in decaauts)
 A = Elapsed time spent in this place.
 B = Non-inter-level travel time spent in this place.
 C = Inter-level travel time spent in this place.
 D = Time resting spent in this place.
 E = Time spent auto-exploring this place.
 F = Levels seen in this place.
 G = Mean time per level.
                   A        B        C        D        E       F      G
               +--------+--------+--------+--------+--------+-----+--------+
         Total |   9441 |   9002 |    439 |    412 |   7301 |   8 | 1180.1 |
       Dungeon |   9309 |   8906 |    403 |    381 |   7242 |   7 | 1329.9 |
        Temple |    131 |     95 |     36 |     31 |     59 |   1 |  131.0 |
               +--------+--------+--------+--------+--------+-----+--------+

Top non-repeatable levels by time:
     D:5: 1875 daAuts
     D:2: 1869 daAuts
     D:4: 1684 daAuts
     D:3: 1683 daAuts
     D:6: 977 daAuts
     D:1: 912 daAuts
     D:7: 306 daAuts
  Temple: 131 daAuts
